 Dungeon Crawl Stone Soup version 0.23.2-30-g0e89c35649 (webtiles) character file.

Game seed: 12883259211421669145

26 redwoodhats the Chopper (level 2, -1/21 HPs)
             Began as a Demonspawn Wanderer on June 21, 2019.
             Slain by an adder (5 damage)
             ... on level 2 of the Dungeon.
             The game lasted 00:02:35 (682 turns).

redwoodhats the Chopper (Demonspawn Wanderer)        Turns: 682, Time: 00:02:35

Health: -1/21      AC:  2    Str: 10    XL:     2   Next: 89%
Magic:  0/3        EV: 11    Int: 14    God:
Gold:   45         SH:  0    Dex: 13    Spells: 2/3 levels left

rFire    . . .     SeeInvis .   a - +0 hand axe
rCold    . . .     Gourm    .   (no shield)
rNeg     . . .     Faith    .   d - +0 robe
rPois    .         Spirit   .   (no helmet)
rElec    .         Reflect  .   (no cloak)
rCorr    .         Harm     .   (no gloves)
MR       .....                  (no boots)
Stlth    +.........             (no amulet)
HPRegen  0.07/turn              (no ring)
MPRegen  0.08/turn              (no ring)

@: no status effects
A: powered by death 1
a: no special abilities


You were on level 2 of the Dungeon.
You were not hungry.

You visited 1 branch of the dungeon, and saw 2 of its levels.

You collected 45 gold pieces.

Inventory:

Hand Weapons
 a - a +0 hand axe (weapon)
Armour
 d - a +0 robe (worn)
Wands
 e - a wand of disintegration (17)
Scrolls
 b - 2 scrolls of identify {unknown}
Potions
 c - a potion of berserk rage {unknown}
Comestibles
 f - a ration


   Skills:
 + Level 1.0 Fighting
 + Level 2.5 Axes
 + Level 0.4 Stealth
   Level 1.0 Shields
 + Level 1.2 Spellcasting
 + Level 2.4 Conjurations
   Level 1.7 Ice Magic
 + Level 1.0 Evocations


You had 2 spell levels left.
You knew the following spells:

 Your Spells              Type           Power        Failure   Level  Hunger
a - Magic Dart            Conj           #...         10%         1    ##.....

Your spell library contained the following spells:

 Spells                   Type           Power        Failure   Level  Hunger
 Searing Ray              Conj           #.....       14%         2    ###....
 Throw Frost              Conj/Ice       #.....       17%         2    ###....
 Ensorcelled Hibernation  Hex/Ice        #.....       26%         2    ###....
 Dazzling Spray           Conj/Hex       #.....       43%         3    ####...
 Iskenderun's Mystic Bla  Conj           #.......     67%         4    #####..
 Force Lance              Conj/Tloc      #.......     83%         4    #####..
 Fulminant Prism          Conj/Hex       #.........   83%         4    #####..


Dungeon Overview and Level Annotations

Branches:
Dungeon (2/15)

Altars:
Yredelemnul


Innate Abilities, Weirdness & Mutations

You regenerate a little health from kills.


Message History

Found a glowing rapier.
Casting: Magic Dart (safe; 10% risk of failure)
Confirm with . or Enter, or press ? or * to list all spells.
Aiming: Magic Dart (safe; 10% risk of failure)
Press: ? - help, Shift-Dir - straight line, f/p - adder
Aim: an adder (moderately wounded)
The magic dart hits the adder.
The adder is heavily wounded.
The adder barely misses you. The adder bites you. The adder bites you.
* * * LOW HITPOINT WARNING * * *
Found a cyan potion.
You miss the adder.
The adder is heavily wounded.
The adder barely misses you. The adder closely misses you.
You barely miss the adder.
The adder is heavily wounded.
The adder bites you.
You die...

###.##..
#...... #
...... .. #..(.
...## #.#.#
!....##.#.#
........>.#
#.#.@..###### .
##..S......).
..#.#.#.#######
#..............
##.#....#######
# #..._#
#....#######
#<.....(....
#.).........


You could see an adder.

Vanquished Creatures
  2 dart slugs
  6 bats (D:1)
  2 giant cockroaches (D:1)
  6 hobgoblins
  A kobold (D:1)
  3 rats (D:1)
20 creatures vanquished.

Notes
Turn   | Place    | Note
-------+----------+-------------------------------------------
     0 | D:1      | redwoodhats the Demonspawn Wanderer began the quest for the
                  | Orb.
     0 | D:1      | redwoodhats set off with the following items: a +0 hand
                  | axe, a +0 robe, a ration; and the following spell
                  | memorised: Magic Dart; and the following spells available
                  | to memorise: Searing Ray, Throw Frost, Ensorcelled
                  | Hibernation, Dazzling Spray, Iskenderun's Mystic Blast,
                  | Force Lance, Fulminant Prism
     0 | D:1      | Reached XP level 1. HP: 15/15 MP: 2/2
    82 | D:1      | Gained mutation: You regenerate a little health from kills.
                  | [demonic ancestry]
    82 | D:1      | Reached XP level 2. HP: 15/21 MP: 3/3
   650 | D:2      | Found a basalt altar of Yredelemnul.
   682 | D:2      | Slain by an adder

Skill      XL: |  1 |
---------------+----+-----
Axes           | 2 |  2.5
Fighting       | |  1.0
Stealth        | |  0.4
Shields        | |  1.0
Spellcasting   | |  1.2
Conjurations   | |  2.4
Ice Magic      | |  1.7
Evocations     | |  1.0

Action                   || total
-------------------------++-------
Melee: Hand axe          ||    58
 Cast: Magic Dart        ||    11
Armor: Robe              ||    11
Dodge: Dodged            ||    45
